 Dungeon Sprint DCSS version 0.29.1-12-g30fa7ad0bf (webtiles) character file.

Game seed: 6418309687676786909

52199 boopmooplesden the Minotaur Porcupine (level 14, -12/168 HPs)
             Began as a Minotaur Berserker on Dec 19, 2022.
             Was the Champion of Trog.
             Mangled by a hell knight
             ... wielding a +0 great sword
              (16 damage)
             ... in the Dungeon (Sprint IX: "|||||||||||||||||||||||||||||").
             The game lasted 00:09:50 (5870 turns).

boopmooplesden the Minotaur Porcupine (MiBe)        Turns: 5870, Time: 00:09:51

Health: -12/168    AC: 27    Str: 26    XL:     14   Next: 26%
Magic:  13/13      EV: 14    Int:  7    God:    Trog [******]
Gold:   594        SH:  0    Dex: 13    Spells: 13/13 levels left

rFire   + . .      SeeInvis .   I - +7 halberd of Arrival {vorpal, Str+2}
rCold   + . .      Faith    .   (shield currently unavailable)
rNeg    . . .      Spirit   .   A - +1 plate armour of Waocvux {Will+}
rPois   .          Reflect  .   (helmet restricted)
rElec   .          Harm     .   l - +0 cloak
rCorr   .          Rampage  .   w - +0 pair of gloves
Will    ++...      NoTele   +   B - +0 pair of boots {Fly}
Stlth   ..........              C - amulet of Conformity {Acrobat Int+3}
HPRegen 0.38/turn               F - ring of protection from cold
MPRegen 0.13/turn               D - ring of protection from fire

@: on berserk cooldown, flying, slowed, very slow
A: horns 2, retaliatory headbutt
a: Renounce Religion, Berserk, Trog's Hand, Brothers in Arms


You were in the Dungeon.
You worshipped Trog.
Trog was exalted by your worship.
You visited 1 branch You collected 1914 gold pieces.
You spent 1320 gold pieces at shops.

Inventory:

Hand Weapons
 a - a +0 spear
 k - a +2 halberd of venom
 p - a +5 antimagic glaive
 z - a +7 glaive of flaming
 I - the +7 halberd of Arrival (weapon) {vorpal, Str+2}
   (Trog gifted it to you in the Dungeon)

   It inflicts extra damage upon your enemies.
   Str:       It affects your strength (+2).
Missiles
 r - 6 javelins (quivered)
Armour
 b - a +0 animal skin
 l - a +0 cloak (worn)
 m - a +2 ring mail
 w - a +0 pair of gloves (worn)
 x - a +0 pair of boots
 y - a +0 plate armour
 A - the +1 plate armour of Waocvux (worn) {Will+}
   (You bought it in a shop in the Dungeon)

   Will:      It increases your willpower.
 B - a +0 pair of boots of flying (worn)
 H - a +0 kite shield of reflection
Jewellery
 n - a +2 ring of protection
 o - a +2 ring of protection
 C - the amulet of Conformity (around neck) {Acrobat Int+3}
   (You bought it in a shop in the Dungeon)

   [amulet of the acrobat]

   It increases your evasion while moving and waiting.
   Int:       It affects your intelligence (+3).
 D - a ring of protection from fire (right hand)
 E - a ring of ice
 F - a ring of protection from cold (left hand)
 G - a ring of willpower
Wands
 j - a wand of light (10)
Scrolls
 h - 3 scrolls of blinking
 s - 2 scrolls of enchant armour
 t - 5 scrolls of fear
 u - a scroll of silence
 v - a scroll of identify
Potions
 c - 8 potions of curing
 d - a potion of heal wounds
 e - a potion of haste
 f - 4 potions of magic
 g - a potion of berserk rage
 i - a potion of invisibility
 q - 2 potions of might


   Skills:
 O Level 27 Fighting
 O Level 27 Polearms
 + Level 23.0 Armour
 + Level 13.8 Dodging
 + Level 4.1 Stealth


You had 13 spell levels left.
You didn't know any spells.
Your spell library was empty.

Dungeon Overview and Level Annotations

Branches:
Dungeon (1/1)

Altars:
Cheibriados
Dithmenos
Elyvilon
Fedhas
Gozag
Hepliaklqana
Kikubaaqudgha
Makhleb
Nemelex Xobeh
Okawaru
Qazlal
Ru
Sif Muna
Trog
Uskayaw
Vehumet
Wu Jian
Xom
Yredelemnul
Zin
The Shining One
Jiyva
Lugonu

Shops:
D :[*=


Innate Abilities, Weirdness & Mutations

You have a pair of horns on your head.
You reflexively headbutt those who attack you in melee.


Message History

You slice the walking divine tome!! You headbutt the walking divine tome.
The walking divine tome is heavily damaged.
The walking divine tome hits you but does no damage.
The quokka twitches its whiskers.
You completely miss the walking divine tome.
You headbutt the walking divine tome, but do no damage.
The walking divine tome is heavily damaged.
The walking divine tome hits you but does no damage.
You barely miss the walking divine tome.
The walking divine tome is heavily damaged.
The hell knight prays to its god.
The hell knight blinks!
The walking divine tome erupts in a flurry of living spells!
You hit the walking divine tome.
The walking divine tome is severely damaged.
The walking divine tome erupts in a flurry of living spells!
The living spell casts itself at you. Something smites you!
* * * LOW HITPOINT WARNING * * *
You impale the walking divine tome!!
You destroy the walking divine tome!
Trog accepts your kill.
The hell knight hits you with a +0 great sword.
* * * LOW HITPOINT WARNING * * *
Your Armour skill increases to level 23!
You closely miss the hell knight.
The hell knight hits you with a +0 great sword!
* * * LOW HITPOINT WARNING * * *
You slash the hell knight!
The hell knight is lightly wounded.
The hell knight misses you. You furiously retaliate!
You headbutt the hell knight!
A stone giant comes into view.
The hell knight closely misses you.
You completely miss the hell knight.
The stone giant shouts!
You headbutt the hell knight.
The hell knight is moderately wounded.
The hell knight hits you with a +0 great sword!
You die...

▓.♣.♣)▓[▓.▓)▓.▓.
▓C▓.♣[♣.▓[▓.▓)▓.▓.
▓b▓.♣.♣.▓[▓.▓.▓.▓.
▓r▓.♣)♣.▓[▓.▓.▓.▓.
▓G▓.▓.▓.▓[▓.▓.▓.▓.
▓K▓.▓.▓.▓.▓.▓.▓.▓÷
▓l▓.▓)▓.▓)▓.▓.▓.▓.
▓p▓.▓.▓.▓)▓.▓)▓.▓†
▓@▓.▓)▓.▓)▓.▓)▓.▓.
▓[▓.▓)▓.▓(▓.▓)▓.▓.
▓)▓.▓.▓.▓)▓.▓)▓.▓.
▓[▓.▓)▓.▓)▓.▓)▓.▓.
▓.▓.▓÷▓.▓)▓.▓)▓.▓.
▓.▓.▓'▓.▓)▓.▓)▓.▓?
▓.▓.▓.▓.▓.▓.▓)▓.▓)
▓.▓.▓.▓.▓.▓.▓'▓.▓.
▓.▓.▓.▓.▓.▓.▓.▓.▓.


You could see a stone giant, a hell knight (fast), a glowing orange brain, a
quokka (summoned), a bat (summoned), a kobold (summoned) and a frilled lizard
(summoned).

Vanquished Creatures
  A walking divine tome (D)
  Kirke (D)
  Donald (D)
  2 frost giants (D)
  A very ugly thing (D)
  3 stone giants (D)
  An entropy weaver (D)
  Azrael (D)
  A dire elephant (D)
  A bunyip (D)
  A spark wasp (D)
  A fire dragon (D)
  Josephine (D)
  3 hydras (D)
  A rakshasa (D)
  4 ogre magi (D)
  A boulder beetle (D)
  An alligator snapping turtle (D)
  2 naga warriors (D)
  A catoblepas (D)
  A deep troll shaman (D)
  2 alligators (D)
  2 deep troll earth magi (D)
  A vampire mage (D)
  Sonja (D)
  A goliath frog (D)
  A pharaoh ant (D)
  A sea snake (D)
  4 deep trolls (D)
  2 swamp dragons (D)
  2 orc knights (D)
  A wolf spider (D)
  A bog body (D)
  2 deep elf pyromancers (D)
  A will-o-the-wisp (D)
  A mana viper (D)
  7 elephants (D)
  3 cyclopes (D)
  A slime creature (D)
  A manticore (D)
  4 merfolk sirens (D)
  6 black mambas (D)
  A water nymph (D)
  A torpor snail (D)
  3 cane toads (D)
  Psyche (D)
  2 komodo dragons (D)
  A kobold demonologist (D)
  A tengu conjurer (D)
  A meliai (D)
  A troll (D)
  A polar bear (D)
  A wind drake (D)
  2 jumping spiders (D)
  2 wyverns (D)
  4 wraiths (D)
  4 fire elementals (D)
  2 hogs (D)
  Grum (D)
  4 yaks (D)
  2 redbacks (D)
  A vampire mosquito (D)
  A steam dragon (D)
  2 nagas (D)
  A hell hound (D)
  3 water moccasins (D)
  A black bear (D)
  12 orc warriors (D)
  3 wolves (D)
  3 bullfrogs (D)
  A killer bee (D)
  3 orc priests (D)
  3 orc wizards (D)
  A gnoll (D)
  2 adders (D)
  5 orcs (D)
  A giant cockroach (D)
  2 goblins (D)
  A jackal (D)
  A ball python (D)
157 creatures vanquished.

Vanquished Creatures (collateral kills)
  A fire dragon (D)
  An ogre mage (D)
  3 deep trolls (D)
  An acid dragon (D)
  2 orc warriors (D)
8 creatures vanquished.

Vanquished Creatures (others)
  A lich (D)
  A human (D)
  2 foxfires (D)
4 creatures vanquished.

Grand Total: 169 creatures vanquished

Notes
Turn   | Place    | Note
-------+----------+-------------------------------------------
     0 | D        | boopmooplesden the Minotaur Berserker began the quest for
                  | the Orb.
     0 | D        | Reached XP level 1. HP: 19/19 MP: 0/0
    11 | D        | Reached ** piety under Trog
   224 | D        | Noticed a black bear
   227 | D        | Reached skill level 5 in Fighting
   227 | D        | Reached skill level 5 in Polearms
   227 | D        | Reached XP level 2. HP: 29/29 MP: 1/1
   230 | D        | Killed a black bear
   230 | D        | Reached *** piety under Trog
   231 | D        | Reached XP level 3. HP: 39/39 MP: 2/2
   231 | D        | Reached XP level 4. HP: 47/47 MP: 3/3
   242 | D        | Found a snail-covered altar of Cheibriados.
   242 | D        | Found a shadowy altar of Dithmenos.
   242 | D        | Found a white marble altar of Elyvilon.
   242 | D        | Found a blossoming altar of Fedhas.
   242 | D        | Found an opulent altar of Gozag.
   243 | D        | Found a hazy altar of Hepliaklqana.
   244 | D        | Found a viscous altar of Jiyva.
   245 | D        | Found an ancient bone altar of Kikubaaqudgha.
   246 | D        | Found a corrupted altar of Lugonu.
   247 | D        | Found a burning altar of Makhleb.
   248 | D        | Found a sparkling altar of Nemelex Xobeh.
   249 | D        | Found an iron altar of Okawaru.
   250 | D        | Found a stormy altar of Qazlal.
   251 | D        | Found a sacrificial altar of Ru.
   252 | D        | Found a shimmering blue altar of Sif Muna.
   253 | D        | Found a bloodstained altar of Trog.
   254 | D        | Found a hide-covered altar of Uskayaw.
   255 | D        | Found a radiant altar of Vehumet.
   256 | D        | Found an ornate altar of the Wu Jian Council.
   257 | D        | Found a shimmering altar of Xom.
   258 | D        | Found a basalt altar of Yredelemnul.
   259 | D        | Found a glowing silver altar of Zin.
   260 | D        | Found a glowing golden altar of the Shining One.
   530 | D        | Noticed a steam dragon
   530 | D        | Noticed a wraith
   530 | D        | Noticed a yak
   530 | D        | Noticed a wyvern
   532 | D        | Killed a wyvern
   533 | D        | Reached skill level 10 in Polearms
   533 | D        | Reached skill level 5 in Armour
   533 | D        | Reached skill level 5 in Dodging
   533 | D        | Reached XP level 5. HP: 53/58 MP: 4/4
   533 | D        | Reached XP level 6. HP: 61/66 MP: 5/5
   535 | D        | Reached **** piety under Trog
   537 | D        | Killed a yak
   538 | D        | Reached skill level 10 in Fighting
   543 | D        | Killed a wraith
   543 | D        | Reached ***** piety under Trog
   544 | D        | Reached XP level 7. HP: 71/75 MP: 6/6
   548 | D        | Killed a steam dragon
   548 | D        | Received a gift from Trog
   677 | D        | Noticed a kobold demonologist
   677 | D        | Noticed a vampire mosquito
   677 | D        | Noticed a deep elf pyromancer
   677 | D        | Noticed a slime creature
   677 | D        | Noticed a slime creature
   678 | D        | Noticed a fire elemental
   684 | D        | Killed a large slime creature
   685 | D        | Reached XP level 8. HP: 85/85 MP: 2/7
   700 | D        | Noticed a hellwing
   702 | D        | Noticed an ice devil
   706 | D        | HP: 1/86 [hellwing[a kobold demonologist] (4)]
   707 | D        | Killed a deep elf pyromancer
   708 | D        | Reached skill level 15 in Polearms
   708 | D        | Reached skill level 1 in Stealth
   719 | D        | Killed a kobold demonologist
   727 | D        | HP: 2/89 [acid dragon/splash of acid (12)]
   729 | D        | Reached XP level 9. HP: 3/95 MP: 2/8
  1483 | D        | Noticed a komodo dragon
  1483 | D        | Noticed a komodo dragon
  1483 | D        | Noticed a cane toad
  1492 | D        | Killed a cane toad
  1493 | D        | Reached skill level 10 in Dodging
  1496 | D        | Killed a komodo dragon
  1499 | D        | Killed a komodo dragon
  1500 | D        | Reached skill level 15 in Fighting
  1727 | D        | Noticed a black mamba
  1727 | D        | Noticed a cane toad
  1727 | D        | Noticed a cane toad
  1727 | D        | Noticed a polar bear
  1729 | D        | Killed a polar bear
  1729 | D        | Received a gift from Trog
  1732 | D        | Killed a cane toad
  1734 | D        | Killed a cane toad
  1735 | D        | Reached XP level 10. HP: 106/106 MP: 3/9
  1738 | D        | Noticed a black mamba
  1742 | D        | Killed a black mamba
  1753 | D        | Killed a black mamba
  1809 | D        | Noticed an elephant
  1809 | D        | Noticed an elephant
  1809 | D        | Noticed an elephant
  1809 | D        | Noticed an elephant
  1809 | D        | Noticed a dire elephant
  1809 | D        | Noticed an elephant
  1811 | D        | Noticed an elephant
  1820 | D        | Killed a dire elephant
  1824 | D        | Killed an elephant
  1830 | D        | Killed an elephant
  1838 | D        | Killed an elephant
  1838 | D        | Reached ****** piety under Trog
  1840 | D        | Noticed an elephant
  1843 | D        | Killed an elephant
  1849 | D        | Killed an elephant
  1850 | D        | Reached XP level 11. HP: 51/117 MP: 3/10
  1857 | D        | Received a gift from Trog
  2265 | D        | Noticed an orc knight
  2271 | D        | Received a gift from Trog
  2285 | D        | Killed an orc knight
  2557 | D        | Noticed an orc knight
  2573 | D        | Killed an orc knight
  2574 | D        | Reached skill level 10 in Armour
  2575 | D        | Received a gift from Trog
  2892 | D        | Found Kibb's Jewellery Boutique.
  2892 | D        | Noticed a deep troll
  2892 | D        | Noticed an ogre mage
  2892 | D        | Noticed an ogre mage
  2892 | D        | Noticed a deep troll
  2897 | D        | Killed a deep troll
  2897 | D        | Received a gift from Trog
  2902 | D        | Killed an ogre mage
  2903 | D        | Noticed a deep troll
  2905 | D        | Killed an ogre mage
  2909 | D        | Killed a deep troll
  2913 | D        | Found Ilus Nal's General Store.
  2922 | D        | Killed a deep troll
  2923 | D        | Noticed a deep troll
  2929 | D        | Killed a deep troll
  2929 | D        | Received a gift from Trog
  2936 | D        | Found Empymadwet's Antique Armour Boutique.
  2938 | D        | Noticed a deep troll
  2939 | D        | Found Nyattiffi's Book Shop.
  2940 | D        | Noticed a deep troll
  2942 | D        | Killed a deep troll
  2945 | D        | Killed a deep troll
  2952 | D        | Noticed an ogre mage
  2953 | D        | Noticed an ogre mage
  2954 | D        | Noticed a deep troll
  2955 | D        | Noticed an ogre mage
  2957 | D        | Killed an ogre mage
  2958 | D        | Reached XP level 12. HP: 42/136 MP: 3/11
  2964 | D        | Killed an ogre mage
  2969 | D        | Killed an ogre mage
  3000 | D        | Bought a spiked plate armour for 700 gold pieces
  3000 | D        | Identified the +1 plate armour of Waocvux {Will+} (You
                  | bought it in a shop in the Dungeon)
  3010 | D        | Bought a pair of embroidered boots for 187 gold pieces
  3024 | D        | Bought the amulet of Conformity {Acrobat Int+3} for 433
                  | gold pieces
  3239 | D        | Noticed Sonja
  3248 | D        | Killed Sonja
  3248 | D        | Received a gift from Trog
  3251 | D        | Noticed Josephine
  3253 | D        | Noticed Grum
  3261 | D        | Killed Josephine
  3263 | D        | Killed Grum
  3265 | D        | Received a gift from Trog
  3722 | D        | Noticed a seven-headed hydra
  3722 | D        | Noticed a six-headed hydra
  3722 | D        | Noticed a catoblepas
  3724 | D        | Noticed a boulder beetle
  3738 | D        | Killed a catoblepas
  3743 | D        | Noticed a fire dragon
  3750 | D        | Killed a five-headed hydra
  3751 | D        | Noticed a deep troll earth mage
  3752 | D        | Noticed a lich
  3756 | D        | Received a gift from Trog
  3757 | D        | Noticed a fire dragon
  3758 | D        | Killed a six-headed hydra
  3760 | D        | Noticed a stone giant
  3772 | D        | Killed a lich
  3774 | D        | Killed a fire dragon
  3807 | D        | Killed a deep troll earth mage
  3812 | D        | Killed a fire dragon
  3812 | D        | Received a gift from Trog
  3816 | D        | Killed a stone giant
  3817 | D        | Reached skill level 15 in Armour
  3823 | D        | Killed a boulder beetle
  3846 | D        | Noticed a stone giant
  3853 | D        | Killed a stone giant
  3854 | D        | Reached XP level 13. HP: 66/150 MP: 12/12
  4403 | D        | Noticed Kirke
  4409 | D        | Noticed a sphinx
  4421 | D        | Killed Kirke
  4424 | D        | Noticed Azrael
  4426 | D        | Received a gift from Trog
  4436 | D        | Killed Azrael
  4541 | D        | Noticed Psyche
  4549 | D        | Killed Psyche
  4549 | D        | Received a gift from Trog
  4550 | D        | Noticed Donald
  4559 | D        | Killed Donald
  4765 | D        | Received a gift from Trog
  4777 | D        | Received a gift from Trog
  5022 | D        | Noticed a bunyip
  5026 | D        | Received a gift from Trog
  5041 | D        | Killed a bunyip
  5211 | D        | Noticed an entropy weaver
  5213 | D        | Received a gift from Trog
  5229 | D        | Killed an entropy weaver
  5237 | D        | Received a gift from Trog
  5629 | D        | Reached skill level 27 in Polearms
  5640 | D        | Identified the +7 halberd of Arrival {vorpal, Str+2} (Trog
                  | gifted it to you in the Dungeon)
  5640 | D        | Received a gift from Trog
  5649 | D        | Reached XP level 14. HP: 166/166 MP: 13/13
  5820 | D        | Noticed a frost giant
  5826 | D        | Noticed a stone giant
  5827 | D        | Reached skill level 27 in Fighting
  5829 | D        | Noticed a frost giant
  5830 | D        | Noticed a brown very ugly thing
  5833 | D        | Received a gift from Trog
  5836 | D        | Noticed a walking divine tome
  5841 | D        | Killed a frost giant
  5847 | D        | Killed a stone giant
  5853 | D        | Killed a frost giant
  5853 | D        | Received a gift from Trog
  5858 | D        | Killed a brown very ugly thing
  5867 | D        | Killed a walking divine tome
  5868 | D        | HP: 3/168 [hell knight/+0 great sword (17)]
  5869 | D        | Noticed a stone giant
  5870 | D        | Mangled by a hell knight

Illustrated notes

Levels and vault maps discovered:
D:        linesprint [early_d, line_temple, items_1, d_10, items_2, lair_1,
          lair_end, items_3, orc_1, orc_end, items_4, d_15, swamp_1, shoals_1,
          snake_1, spider_1, d_20, vaults_1, items_5, swamp_end, shoals_end,
          snake_end, spider_end, vaults_end, d_27, items_6, zot_1, zot_end,
          crypt_end, forest_end, elf_end, slime_end, tomb_end, abyss_end,
          pan_hell_end]

Skill      XL: |  1  2  3  4  5  6  7  8  9 10 11 12 13 14 |
---------------+-------------------------------------------+-----
Fighting       | 5 7 9 11 12 14 15 17 21 24 26 27 | 27.0
Polearms       | 5 7 10 12 14 15 18 20 23 25 27 | 27.0
Armour         | 3 4 5 6 7 8 9 11 15 19 23 | 23.0
Dodging        | 4 5 6 7 9 11 12 13 | 13.8
Stealth        | 1 3 4 |  4.1

Action                   |  1- 3 |  4- 6 |  7- 9 | 10-12 | 13-15 || total
-------------------------+-------+-------+-------+-------+-------++-------
Melee: Spear             |    19 |     5 |       |       |       ||    24
       Headbutt          |     3 |     5 |    16 |    45 |    52 ||   121
       Punch             |     1 |       |       |       |       ||     1
       Halberd           |       |    11 |     5 |       |    44 ||    60
       Glaive            |       |       |    66 |   205 |   154 ||   425
Invok: Berserk           |     1 |     1 |     3 |     8 |     6 ||    19
       Trog's Hand       |       |       |     2 |     6 |     4 ||    12
       Brothers in Arms  |       |       |     1 |     3 |       ||     4
  Use: Potion            |       |       |     2 |     3 |     1 ||     6
       Scroll            |       |       |       |     5 |       ||     5
Armor: Animal skin       |     2 |       |       |       |       ||     2
       Ring mail         |       |       |    34 |    21 |       ||    55
       Plate armour      |       |       |       |    42 |    98 ||   140
Dodge: Dodged            |     7 |     5 |    59 |   102 |   104 ||   277
